 Dungeon Crawl Stone Soup version 0.24.0-10-g970556be89 (webtiles) character file.

Game seed: 7483191784446522414, levelgen mode: deterministic

2583 Froggeryz the Slicer (level 9, -27/55 (56) HPs)
             Began as a Kobold Skald on Nov 4, 2019.
             Was an Initiate of Ru.
             Annihilated by a two-headed ogre
             ... wielding a +0 giant club
              (34 damage)
             ... on level 8 of the Dungeon.
             The game lasted 00:19:55 (9634 turns).

Froggeryz the Slicer (Kobold Skald)                 Turns: 9634, Time: 00:19:56

HP:   -27/55 (56)   AC: 10    Str:  9    XL:     9   Next: 88%
MP:   12/12         EV: 16    Int: 13    God:    Ru [......]
Gold: 953           SH:  4    Dex: 16    Spells: 11/12 levels left

rFire    . . .     SeeInvis .   h - +1 dagger (venom)
rCold    . . .     Gourm    .   (shield restricted)
rNeg     . . .     Faith    .   A - +3 leather armour {rPois}
rPois    +         Spirit   .   (helmet restricted)
rElec    .         Reflect  .   (no cloak)
rCorr    .         Harm     .   e - +0 pair of gloves
MR       .....                  (no boots)
Stlth    +.........             (no amulet)
HPRegen  0.18/turn              y - +3 ring of protection
MPRegen  0.13/turn              (no ring)

@: about to teleport
A: small, horns 1, large bone plates 1, carnivore, dopey 1
a: Sacrifice Stealth, Sacrifice Words, Sacrifice Skill, Reject Sacrifices,
Renounce Religion


You were on level 8 of the Dungeon.
You worshipped Ru.
Ru was noncommittal.
You were very full.

You visited 1 branch of the dungeon, and saw 8 of its levels.

You collected 953 gold pieces.

Inventory:

Hand Weapons
 a - a +0 short sword
 h - a +1 dagger of venom (weapon)
 l - a +0 rapier
 s - a +2 dagger of flaming
 D - a +4 dagger
Missiles
 f - 5 atropa-tipped darts (quivered)
 B - a throwing net
 E - 15 poisoned darts
Armour
 e - a +0 pair of gloves (worn)
 A - a +3 leather armour of poison resistance (worn)
Jewellery
 c - an uncursed ring of magical power
 k - an uncursed ring of fire
 q - an uncursed ring of wizardry
 r - an uncursed ring of stealth
 y - a +3 ring of protection (left hand)
Wands
 H - a wand of flame (24)
Scrolls
 b - a scroll of remove curse
 g - 3 scrolls of identify
 j - 4 scrolls of fog
 o - a scroll of immolation {unknown}
 I - a scroll of enchant weapon
Potions
 i - a potion of berserk rage {unknown}
 p - a potion of agility {unknown}
 t - 2 potions of curing
 v - 3 potions of lignification
 w - a potion of magic
 x - a potion of mutation
 z - a potion of cancellation {unknown}
Comestibles
 d - 8 rations


   Skills:
 + Level 6.4 Fighting
 - Level 14.0 Short Blades
 - Level 0.7 Armour
 * Level 4.0 Dodging
 - Level 2.1 Spellcasting
 - Level 2.4 Charms


You had 11 spell levels left.
You knew the following spells:

 Your Spells              Type           Power        Failure   Level  Hunger
a - Infusion              Chrm           #...         13%         1    ##.....

Your spell library contained the following spells:

 Spells                   Type           Power        Failure   Level  Hunger
 Song of Slaying          Chrm           #.......     19%         2    ###....
 Shroud of Golubria       Chrm/Tloc      #.....       30%         2    ###....
 Magic Dart               Conj           #...         34%         1    ##.....
 Blink                    Tloc           N/A          45%         2    ###....
 Call Imp                 Summ           #.......     45%         2    ###....
 Poisonous Vapours        Pois/Air       #.....       45%         2    ###....
 Slow                     Hex            #.......     45%         2    ###....
 Regeneration             Chrm/Necr      #.........   52%         3    ####...
 Spectral Weapon          Hex/Chrm       #.......     52%         3    ####...
 Conjure Flame            Conj/Fire      #.......     71%         3    ####...
 Mephitic Cloud           Conj/Pois/Air  #.......     71%         3    ####...
 Freezing Cloud           Conj/Ice/Air   #.........   100%        6    #######
 Ring of Flames           Chrm/Fire      #.........   100%        7    #######


Dungeon Overview and Level Annotations

Branches:
Dungeon (8/15)             Temple (0/1) D:7
   Lair: D:8-11

Altars:
Gozag
Hepliaklqana
Makhleb
Ru
Uskayaw
Zin

Shops:
D:5 [

Annotations:
D:7 4 runed translucent doors


Innate Abilities, Weirdness & Mutations

You are small and have problems with some larger weapons.
You are carnivorous and can eat meat at any time.
You have a pair of small horns on your head.
You are partially covered in large bone plates. (SH +4)
You are dopey. (Int -2)


Message History

The worker ant completely misses you.
The killer bee misses the killer bee.
The two-headed ogre closely misses you.
The two-headed ogre hits you with a +0 giant club!
* * * LOW HITPOINT WARNING * * *
Unknown command.
Unknown command.
Okay, then.
Unknown command.
Okay, then.
Unknown command.
As you read the scroll of teleportation, it crumbles to dust.
You feel strangely unstable.
The killer bee seems less confused.
The killer bee misses you.
The killer bee rages.
The worker ant bites you.
* * * LOW HITPOINT WARNING * * *
The killer bee barely misses you.
The two-headed ogre hits you with a +0 giant club!!
Ouch! That really hurt!
You die...

.# #..........# ##
..#...O......# ..
..(........>.# ..
#####(######'###.# ..
#....y........# .# #
#....y........##.##.
###....y........'..?..
......aOy.......#
.......@.#####'##
........(.# #.#########
..........## #.#........
...........# #.#........
...........###.#........
............##.#........
..........#.##.#........
..........#.##.#†.......
..........#.##.#........


You could see a two-headed ogre (berserk), a worker ant (berserk) and 4 killer
bees.

Vanquished Creatures
  A queen bee (D:8)
  A wyvern (D:8)
  Eustachio (D:6)
  Edmund (D:6)
  An orc warrior (D:7)
  A necrophage (D:6)
  4 ogres
  3 centaurs
  2 bullfrogs
  A scorpion (D:5)
  2 killer bees (D:8)
  A wight (D:6)
  2 howler monkeys
  3 crimson imps (D:7)
  A bullfrog skeleton (D:8)
  A hound (D:4)
  A jelly (D:5)
  2 orc priests
  5 orc wizards
  2 worker ants
  2 hound skeletons
  A worker ant zombie (D:7)
  9 gnolls
  13 adders
  A shadow imp (D:7)
  An adder skeleton (D:8)
  An adder zombie (D:7)
  A worm (D:2)
  2 dart slugs
  4 leopard geckos
  19 orcs
  12 bats
  8 giant cockroaches
  6 goblins
  10 hobgoblins
  13 jackals
  4 quokkas
  A ball python (D:7)
  7 frilled lizards
  10 kobolds
  A quokka skeleton (D:7)
  8 rats
170 creatures vanquished.

Notes
Turn   | Place    | Note
-------+----------+-------------------------------------------
     0 | D:1      | Froggeryz the Kobold Skald began the quest for the Orb.
     0 | D:1      | Reached XP level 1. HP: 12/12 MP: 3/3
    57 | D:1      | Reached skill level 3 in Short Blades
   206 | D:1      | Reached XP level 2. HP: 15/17 MP: 5/5
   306 | D:1      | Reached skill level 4 in Short Blades
   555 | D:1      | Reached XP level 3. HP: 21/21 MP: 6/6
   947 | D:2      | Reached skill level 5 in Short Blades
  1126 | D:2      | Reached XP level 4. HP: 15/26 MP: 7/7
  1446 | D:2      | Reached skill level 6 in Short Blades
  1734 | D:2      | Reached XP level 5. HP: 30/30 MP: 8/8
  1987 | D:2      | Found a hazy altar of Hepliaklqana.
  2198 | D:2      | Found a glowing silver altar of Zin.
  2250 | D:2      | Found a faded altar of an unknown god.
  2318 | D:2      | Became a worshipper of Gozag Ym Sagoz the Greedy
  2601 | D:2      | Reached skill level 7 in Short Blades
  3108 | D:3      | Found a sacrificial altar of Ru.
  3424 | D:3      | Found a hide-covered altar of Uskayaw.
  3439 | D:3      | Reached XP level 6. HP: 7/35 MP: 9/9
  4260 | D:4      | Reached skill level 8 in Short Blades
  4503 | D:5      | Entered Level 5 of the Dungeon
  4523 | D:5      | Reached skill level 9 in Short Blades
  4542 | D:5      | Reached XP level 7. HP: 23/40 MP: 10/10
  4709 | D:5      | Reached skill level 10 in Short Blades
  5111 | D:5      | Found Tovom's Antique Armour Shoppe.
  5431 | D:5      | Reached skill level 11 in Short Blades
  5431 | D:5      | Reached XP level 8. HP: 27/44 MP: 11/11
  6147 | D:6      | Noticed Edmund
  6191 | D:6      | Killed Edmund
  6534 | D:6      | Reached skill level 12 in Short Blades
  6693 | D:6      | Noticed Eustachio
  6719 | D:6      | Killed Eustachio
  6887 | D:3      | Fell from the grace of Gozag
  6887 | D:3      | Became a worshipper of Ru the Awakened
  7041 | D:6      | Reached XP level 9. HP: 23/52 MP: 12/12
  7409 | D:6      | HP: 2/51 [quokka (2)]
  7712 | D:7      | Reached skill level 13 in Short Blades
  7905 | D:7      | Found a huge runed translucent gate.
  7905 | D:7      | Found a huge runed translucent gate.
  7929 | D:7      | Found a huge runed translucent gate.
  7929 | D:7      | Noticed a polar bear
  7929 | D:7      | Noticed a polar bear
  7930 | D:7      | Found a huge runed translucent gate.
  7930 | D:7      | Noticed a hippogriff
  7930 | D:7      | Noticed a polar bear
  7931 | D:7      | Noticed a hippogriff
  7948 | D:7      | Reached skill level 5 in Fighting
  8256 | D:7      | Found a staircase to the Ecumenical Temple.
  8330 | D:7      | Found a burning altar of Makhleb.
  8832 | D:7      | Gained mutation: You are partially covered in large bone
                  | plates. (SH +4) [potion of mutation]
  8832 | D:7      | Gained mutation: You are dopey. (Int -2) [potion of
                  | mutation]
  8832 | D:7      | Gained mutation: You have a pair of small horns on your
                  | head. [potion of mutation]
  9000 | D:8      | Noticed a queen bee
  9327 | D:8      | Reached skill level 14 in Short Blades
  9394 | D:8      | Killed a queen bee
  9433 | D:8      | Noticed a two-headed ogre
  9634 | D:8      | Annihilated by a two-headed ogre

Levels and vault maps discovered:
D:1:      ebering_hopf_link, layout_loops_ring
D:2:      layout_basic, lemuel_round_altar, lemuel_round_altar,
          chequers_ecumenical_altar_simple_redux, minmay_circle_x
D:3:      layout_basic, nicolae_ru_the_path_less_chosen, lemuel_crystal_altar,
          item_on_display_b
D:4:      layout_gridville
D:5:      cheibrodos_iron_armory, layout_basic, serial_shops, shop, first_ration
D:6:      layout_loops_ring, uniq_edmund, uniq_eustachio
D:7:      lemuel_bear_cage, layout_loops_ring, lightli_temple_of_fire,
          minmay_temple_entry_butterflies
D:8:      layout_basic, marbit_many_paths, david_nohive_1

Skill      XL: |  1  2  3  4  5  6  7  8  9 |
---------------+----------------------------+-----
Short Blades   | 3 4 5 6 7 9 11 12 14 | 14.0
Fighting       | 4 6 |  6.4
Dodging        | 4 |  4.0
Armour         | |  0.7
Spellcasting   | |  2.1
Charms         | |  2.4

Action                   |  1- 3 |  4- 6 |  7- 9 || total
-------------------------+-------+-------+-------++-------
Melee: Short sword       |   106 |       |       ||   106
       Dagger            |    14 |   286 |   590 ||   890
       Headbutt          |       |       |    11 ||    11
Throw: Dart              |     4 |       |     7 ||    11
  Use: Potion            |     1 |     1 |     7 ||     9
       Scroll            |       |       |    16 ||    16
 Stab: Sleeping          |     2 |     4 |     5 ||    11
       Invisible         |     1 |       |       ||     1
       Distracted        |       |       |     3 ||     3
  Eat: Chunk             |     3 |     9 |    15 ||    27
       Ration            |       |       |     4 ||     4
Armor: Leather armour    |    42 |    46 |   117 ||   205
Dodge: Dodged            |   102 |   159 |   259 ||   520
Block: Other             |       |       |    10 ||    10
